 Dungeon Crawl Stone Soup version 0.26-a0-540-g8a0c9464d7 (webtiles) character file.

Game seed: 2742038264426761471

31 kae the Ruffian (level 3, -7/28 HPs)
             Began as a Draconian Transmuter on Aug 20, 2020.
             Mangled by a small abomination (11 damage)
             ... on level 1 of the Abyss.
             The game lasted 00:00:49 (1130 turns).

kae the Ruffian (Draconian Transmuter)              Turns: 1130, Time: 00:00:50

Health: -7/28      AC:  5    Str: 13    XL:     3   Next: 7%
Magic:  5/6        EV: 12    Int: 13    God:
Gold:   36         SH:  0    Dex: 11    Spells: 5/6 levels left

rFire    . . .     SeeInvis .     - Unarmed
rCold    . . .     Faith    .   (no shield)
rNeg     . . .     Spirit   .   (armour unavailable)
rPois    .         Reflect  .   (helmet currently unavailable)
rElec    .         Harm     .   (no cloak)
rCorr    .                      (no gloves)
MR       .....                  (boots currently unavailable)
Stlth    +.........             (no amulet)
HPRegen  0.09/turn              (no ring)
MPRegen  0.10/turn              (no ring)

@: appendages
A: unfitting armour, horns 2, talons 2, cold-blooded, AC +5
a: End Transformation


You were on level 1 of the Abyss.
You had grown temporary horns.
You had grown temporary talons.
You visited 1 branch of the dungeon, and saw 1 of its levels.
You visited the Abyss 1 time.

You collected 36 gold pieces.

Inventory:

Hand Weapons
 i - a +2 spear of distortion
Wands
 k - a wand of flame (15)
Scrolls
 d - a scroll of fear {unknown}
 e - a scroll of random uselessness {unknown}
 g - a scroll of identify {unknown}
Potions
 a - a potion of ambrosia {unknown}
 b - a potion of brilliance {unknown}
 c - 2 potions of flight {unknown}
 f - a potion of haste {unknown}
 h - a potion of stabbing {unknown}
 j - 2 potions of berserk rage {unknown}


   Skills:
 - Level 1.1 Fighting
 - Level 1.7 Dodging
 * Level 3.9 Unarmed Combat
 - Level 2.0 Spellcasting
 + Level 2.5 Transmutations


You had 5 spell levels left.
You knew the following spells:

 Your Spells              Type           Power        Failure   Level
a - Beastly Appendage     Tmut           #.....       9%          1

Your spell library contained the following spells:

 Spells                   Type           Power        Failure   Level
 Wereblood                Tmut           #.......     14%         2
 Spider Form              Tmut/Pois      #.........   41%         3
 Ice Form                 Ice/Tmut       #.......     83%         4
 Blade Hands              Tmut           #.........   94%         5


Dungeon Overview and Level Annotations

Branches:
Dungeon (1/15)

Altars:


Innate Abilities, Weirdness & Mutations

Your plain brown scales are hard. (AC +5)
You cannot fit into any form of body armour.
You are cold-blooded and may be slowed by cold attacks.
You have a pair of horns on your head.
You have razor-sharp toenails.


Message History

You hit the small abomination.
The small abomination is lightly damaged.
You hit the small abomination but do no damage.
The small abomination is lightly damaged.
The small abomination hits you!
You are too injured to fight recklessly!
You are too injured to fight recklessly!
You are too injured to fight recklessly!
You are too injured to fight recklessly!
You are too injured to fight recklessly!
You are too injured to fight recklessly!
You hit the small abomination. Your kick misses the small abomination.
The small abomination is moderately damaged.
The small abomination hits you!
Ouch! That really hurt!
* * * LOW HITPOINT WARNING * * *
You hit the small abomination. You tail-slap the small abomination.
The small abomination is heavily damaged.
The small abomination hits you!
You die...

...#.. #)#....... .
#. .. #.. # #####..
#..#.###... ... ...
.#...# .... #. #..
#.# .######.. . . .
## ##.#.........#..
#.. .. #.#.##.#.#....
#####.###.....x......
#..#.....@...#
###.##....#### #
#..#...# ####.#..##
#. ##### # .# #..
##.# ###


You could see a small abomination.

Vanquished Creatures
  An ooze (D:1)
  2 dart slugs (D:1)
  2 leopard geckos (D:1)
  A ball python (D:1)
  A giant cockroach (D:1)
  2 goblins (D:1)
  3 hobgoblins (D:1)
  3 bats (D:1)
  A frilled lizard (D:1)
  A kobold (D:1)
  5 rats (D:1)
22 creatures vanquished.

Vanquished Creatures (others)
  A rat (D:1)
1 creature vanquished.

Grand Total: 23 creatures vanquished

Notes
Turn   | Place    | Note
-------+----------+-------------------------------------------
     0 | D:1      | kae the Draconian Transmuter began the quest for the Orb.
     0 | D:1      | Reached XP level 1. HP: 16/16 MP: 3/3
   116 | D:1      | Reached XP level 2. HP: 23/23 MP: 3/5
   994 | D:1      | Reached XP level 3. HP: 28/28 MP: 6/6
  1100 | D:1      | Cast into level 1 of the Abyss (unwielding a weapon of
                  | distortion)
  1122 | Abyss:1  | Noticed a small abomination
  1130 | Abyss:1  | Mangled by a small abomination

Illustrated notes

Levels and vault maps discovered:
D:1:      minmay_arrival_semitransparent, layout_basic
Abyss:1:  base:
D:1

Action                   || total
-------------------------++-------
Melee: Unarmed           ||    67
       Kick              ||     4
       Headbutt          ||     5
       Tailslap          ||     4
       Spear             ||    10
 Cast: Beastly Appendage ||    15
Armor: Skin              ||    20
Dodge: Dodged            ||    38

Table legend: (Time is in decaauts)
 A = Elapsed time spent in this place.
 B = Non-inter-level travel time spent in this place.
 C = Inter-level travel time spent in this place.
 D = Time resting spent in this place.
 E = Time spent auto-exploring this place.
 F = Levels seen in this place.
 G = Mean time per level.
                   A        B        C        D        E       F      G
               +--------+--------+--------+--------+--------+-----+--------+
         Total |   1125 |   1125 |      0 |      0 |    949 |   2 |  562.5 |
       Dungeon |   1096 |   1096 |      0 |      0 |    929 |   1 | 1096.0 |
         Abyss |     28 |     28 |      0 |      0 |     20 |   1 |   28.0 |
               +--------+--------+--------+--------+--------+-----+--------+

Top non-repeatable levels by time:
     D:1: 1096 daAuts
 Abyss:1: 28 daAuts
